Map: [TLMC15] Hardwire

Players

Serral - Winner!

  • Race: Zerg Zerg

Solar

  • Race: Zerg Zerg

Event: StayAtHome Story Cup #4

VOD

Have the link to the VOD?

Description

Time

  • Played on: Oct. 24, 2021, 2:13 p.m.
  • Length: 15:05

All games in this series

Show
View Real Time Build Order
Export as new Build Order

Serral Zerg - Winner!

Build Orders: Hatch First, Lurkers 

Get SALT Encoding   

  12  0:00  Drone  
  13  0:12  Overlord  
  13  0:16  Drone  
  14  0:31  Drone x2  
  16  0:48  Hatchery  
  15  0:51  Drone  
  15  0:55  Drone  
  17  0:58  Drone  
  18  1:10  Extractor  
  17  1:13  Spawning Pool  
  17  1:16  Drone  
  17  1:20  Drone  
  18  1:28  Drone  
  19  1:38  Drone  
  20  1:56  Drone  
  20  2:00  Queen x2  
  26  2:01  Overlord, Zergling x2  
  26  2:09  Metabolic Boost  
  26  2:12  Drone x2  
  28  2:21  Drone  
  28  2:22  Drone  
  30  2:32  Zergling x2  
  30  2:37  Hatchery  
  30  2:40  Drone  
  31  2:48  Drone, Baneling Nest  
  31  2:52  Overlord  
  31  2:55  Drone x2  
  33  3:03  Queen  
  36  3:12  Drone  
  36  3:13  Drone x3  
  36  3:16  Zergling x2  
  36  3:18  Overlord  
  40  3:21  Zergling x2  
  40  3:22  Zergling x2  
  42  3:27  Zergling x4  
  44  3:36  Drone  
  44  3:38  Baneling x2, Drone  
  44  3:40  Evolution Chamber  
  45  3:42  Drone x3  
  45  3:44  Drone  
  45  3:47  Drone x2  
  51  3:50  Overlord  
  50  4:01  Zergling x4  
  50  4:02  Drone  
  50  4:03  Drone x2  
  50  4:05  Zerg Missile Weapons Level 1  
  50  4:07  Baneling  
  52  4:13  Roach Warren  
  52  4:14  Extractor  
  52  4:15  Drone x2  
  52  4:16  Zergling x2  
  52  4:18  Drone  
  52  4:19  Drone  
  52  4:21  Drone  
  52  4:23  Extractor  
  54  4:29  Lair  
  54  4:31  Zergling x2  
  54  4:33  Drone x3  
  54  4:34  Drone  
  54  4:37  Drone  
  54  4:38  Drone  
  61  4:42  Queen  
  61  4:44  Overlord  
  63  4:46  Drone  
  63  4:49  Drone x2  
  63  4:52  Overlord  
  65  4:55  Extractor  
  65  4:56  Overlord  
  64  5:04  Drone x6  
  70  5:08  Drone  
  70  5:10  Extractor x2  
  70  5:13  Drone x2  
  71  5:16  Overlord  
  71  5:17  Drone x3  
  73  5:25  Drone x3  
  77  5:28  Drone  
  77  5:31  Queen  
  77  5:32  Overlord  
  77  5:33  Drone x2  
  78  5:41  Glial Reconstitution  
  78  5:43  Roach x2  
  78  5:44  Roach  
  78  5:47  Pneumatized Carapace  
  84  5:51  Overseer  
  84  5:56  Drone  
  85  5:58  Overlord  
  85  5:59  Roach x2  
  89  6:04  Zerg Missile Weapons Level 2  
  89  6:05  Evolution Chamber  
  89  6:06  Drone  
  89  6:07  Hatchery, Drone  
  87  6:12  Roach x3  
  87  6:18  Roach x3  
  98  6:20  Overseer  
  98  6:23  Baneling x4  
  100  6:25  Roach  
  100  6:26  Roach  
  100  6:30  Overlord  
  100  6:31  Overlord x2  
  102  6:35  Zerg Ground Armor Level 1  
  102  6:41  Roach  
  102  6:42  Overlord x2  
  102  6:44  Overlord x2  
  104  6:51  Roach x4  
  112  6:56  Burrow  
  112  6:57  Overlord  
  112  7:00  Tunneling Claws  
  111  7:02  Roach x2  
  111  7:03  Roach  
  111  7:07  Drone x3  
  111  7:08  Drone x2  
  121  7:14  Roach x4  
  129  7:17  Drone  
  129  7:19  Overlord  
  129  7:20  Spore Crawler  
  129  7:22  Roach  
  131  7:23  Roach  
  131  7:26  Roach  
  135  7:33  Drone  
  135  7:35  Roach x4  
  135  7:36  Spore Crawler  
  143  7:39  Ravager x4  
  143  7:42  Roach  
  143  7:43  Roach x3  
  155  7:46  Overlord  
  155  7:47  Overlord  
  155  7:49  Ravager x2  
  155  7:50  Roach x2  
  161  7:57  Roach x5  
  170  8:04  Roach x2  
  170  8:05  Roach x2  
  176  8:11  Roach x3  
  182  8:16  Roach x2  
  182  8:17  Roach x2  
  190  8:20  Overseer  
  190  8:25  Overlord x2  
  186  8:29  Roach x28  
  165  8:35  Roach x9  
  183  8:44  Infestation Pit, Queen x2  
  183  8:46  Extractor  
  185  8:49  Roach x5  
  195  8:59  Roach x2  
  195  9:02  Roach x2  
  199  9:03  Zerg Ground Armor Level 2, Roach x2, Ravager  
  199  9:04  Roach x2  
  197  9:12  Roach  
  197  9:13  Roach x4  
  197  9:16  Hydralisk Den  
  182  9:29  Roach x14  
  188  9:36  Roach x5  
  188  9:37  Roach x2  
  176  9:42  Hive  
  170  9:47  Roach  
  170  9:48  Roach x3  
  170  9:50  Roach x2  
  170  9:52  Roach  
  184  9:58  Roach x4  
  192  10:02  Roach  
  192  10:05  Drone x3, Extractor  
  192  10:06  Roach  
  194  10:07  Ravager x4  
  194  10:13  Overlord  
  194  10:14  Overlord  
  194  10:15  Roach  
  194  10:16  Roach x3  
  194  10:17  Roach x6  
  194  10:26  Roach  
  190  10:30  Overlord  
  190  10:33  Roach x7  
  196  10:37  Roach x2, Lurker Den  
  196  10:38  Roach  
  196  10:39  Roach x4  
  199  10:55  Roach x3  
  197  11:03  Roach x3  
  191  11:05  Roach x3  
  171  11:12  Roach x15  
  171  11:13  Roach x2  
  197  11:19  Viper  
  200  11:30  Viper  
  199  11:34  Overlord  
  199  11:35  Hatchery, Seismic Spines  
  199  11:36  Muscular Augments  
  198  11:40  Roach x3  
  198  11:41  Overseer, Spore Crawler  
  198  11:42  Spore Crawler, Ravager, Spine Crawler  
  194  11:48  Viper  
  194  11:51  Overseer, Hydralisk  
  194  11:53  Roach x38  
  195  12:06  Roach x4, Viper  
  195  12:08  Hydralisk x4  
  188  12:13  Spine Crawler  
  188  12:14  Spine Crawler x2  
  193  12:17  Lurker  
  194  12:26  Roach  
  194  12:27  Roach x7  
  189  12:42  Lurker x4  
  189  12:44  Roach x2  
  181  12:58  Roach x12  
  143  13:06  Roach x3  
  133  13:14  Roach x4  
  127  13:20  Roach x3  
  126  13:28  Roach x3  
  126  13:29  Roach  
  122  13:34  Roach x2  
  122  13:36  Overseer  
  126  13:42  Hydralisk x2  
  130  13:48  Hydralisk, Extractor  
  130  13:49  Extractor  
  130  13:51  Hydralisk x2  
  130  13:52  Hydralisk  
  134  13:55  Roach x15  
  134  13:56  Roach x6  
  134  13:59  Roach x3  
  134  14:08  Hydralisk x3  
  140  14:11  Lurker x2  
  142  14:28  Hydralisk x8  
  144  14:39  Hydralisk  
  144  14:40  Hydralisk x2  
Show
View Real Time Build Order
Export as new Build Order

Solar Zerg 

Build Orders: Hatch First, Lurkers 

Get SALT Encoding   

  12  0:00  Drone  
  13  0:12  Overlord  
  13  0:17  Drone  
  14  0:31  Drone x2  
  16  0:49  Hatchery  
  15  0:51  Drone  
  15  0:55  Drone  
  17  0:57  Drone  
  18  1:09  Extractor  
  17  1:12  Spawning Pool  
  17  1:15  Drone  
  17  1:19  Drone  
  18  1:28  Drone  
  19  1:38  Drone  
  20  1:51  Drone  
  21  2:01  Queen x2  
  23  2:02  Overlord, Zergling x2  
  26  2:11  Drone  
  26  2:12  Metabolic Boost  
  26  2:13  Drone  
  28  2:21  Drone  
  29  2:23  Drone  
  30  2:33  Hatchery  
  30  2:35  Zergling x2  
  30  2:36  Drone  
  31  2:44  Drone  
  31  2:49  Baneling Nest  
  31  2:51  Overlord  
  31  2:54  Drone  
  32  2:59  Zergling x2  
  33  3:06  Drone x2  
  33  3:08  Drone  
  33  3:11  Drone x2  
  33  3:12  Zergling x6  
  41  3:17  Drone  
  42  3:23  Overlord, Evolution Chamber  
  41  3:28  Drone  
  41  3:31  Drone  
  41  3:33  Baneling x2  
  43  3:42  Drone, Zergling x2  
  43  3:43  Drone x3  
  43  3:46  Drone  
  43  3:47  Drone  
  43  3:48  Drone x2  
  51  3:51  Queen  
  51  3:53  Zergling x2  
  54  4:01  Zergling x4  
  56  4:05  Drone  
  56  4:06  Baneling  
  56  4:07  Baneling, Drone  
  57  4:11  Zerg Missile Weapons Level 1  
  57  4:16  Overlord  
  57  4:17  Roach Warren  
  57  4:18  Overlord  
  57  4:20  Overlord  
  57  4:22  Drone  
  57  4:23  Extractor  
  57  4:24  Extractor  
  55  4:25  Overlord  
  55  4:26  Drone  
  55  4:29  Drone  
  57  4:34  Drone  
  57  4:36  Drone x4  
  62  4:40  Drone  
  62  4:41  Zergling x2  
  62  4:42  Drone  
  62  4:44  Lair  
  65  4:48  Drone x2  
  65  4:51  Drone x2  
  65  4:52  Drone x2  
  71  4:53  Drone  
  71  4:55  Drone  
  71  4:58  Baneling x2  
  73  5:02  Overlord  
  72  5:07  Overlord  
  72  5:08  Extractor x2  
  72  5:09  Drone x2  
  72  5:10  Drone  
  73  5:18  Drone  
  73  5:19  Pneumatized Carapace  
  73  5:20  Drone x3  
  76  5:31  Drone x4  
  76  5:39  Roach  
  76  5:40  Roach x3  
  76  5:41  Roach, Extractor  
  85  5:43  Drone  
  85  5:44  Zergling x4  
  85  5:46  Baneling x2  
  85  5:47  Glial Reconstitution  
  85  5:48  Overlord  
  88  5:50  Drone  
  88  5:52  Evolution Chamber  
  88  5:53  Overseer x2  
  88  5:57  Overlord  
  88  5:58  Drone x2  
  88  6:02  Overlord  
  88  6:04  Hatchery, Roach x5  
  100  6:08  Overlord  
  100  6:09  Overlord  
  98  6:13  Roach  
  98  6:15  Overlord  
  100  6:22  Drone  
  100  6:24  Spore Crawler  
  100  6:25  Roach x3  
  106  6:26  Roach  
  106  6:28  Roach  
  106  6:30  Overlord  
  110  6:34  Roach  
  110  6:35  Roach x2  
  110  6:37  Roach  
  110  6:39  Spore Crawler  
  117  6:41  Zerg Ground Armor Level 1, Zerg Missile Weapons Level 2, Drone  
  117  6:43  Drone x2  
  120  6:50  Drone x2  
  120  6:51  Roach  
  120  6:52  Overlord  
  124  6:54  Roach  
  126  7:02  Roach x2  
  126  7:03  Roach x2  
  126  7:08  Overlord  
  134  7:10  Roach  
  134  7:14  Drone x3  
  137  7:15  Extractor  
  137  7:16  Roach x3  
  137  7:17  Infestation Pit, Roach x2  
  137  7:19  Queen  
  149  7:23  Roach x2  
  149  7:27  Drone  
  149  7:29  Overlord  
  152  7:32  Roach x2  
  152  7:35  Roach x3  
  162  7:38  Ravager x4  
  162  7:41  Overlord  
  162  7:42  Drone  
  167  7:44  Roach  
  167  7:45  Roach x3  
  167  7:48  Roach x2  
  167  7:49  Roach  
  181  7:51  Overlord  
  181  7:58  Roach x3  
  182  8:03  Hive  
  182  8:05  Overseer, Drone  
  183  8:06  Overseer, Hydralisk Den  
  183  8:07  Drone  
  183  8:08  Extractor  
  183  8:10  Roach x2  
  185  8:15  Overlord  
  185  8:19  Roach x4  
  189  8:26  Roach x4  
  177  8:31  Roach x3  
  177  8:32  Roach  
  177  8:33  Roach  
  167  8:36  Roach x2  
  171  8:41  Lurker Den  
  171  8:42  Roach x2  
  171  8:47  Ravager x2  
  176  8:52  Roach x2, Ravager  
  176  8:53  Roach  
  183  8:56  Spine Crawler  
  183  8:59  Roach  
  183  9:00  Roach x3  
  188  9:03  Overseer  
  188  9:07  Roach  
  188  9:08  Roach x4  
  196  9:11  Overlord  
  183  9:17  Roach x2  
  183  9:18  Roach x2  
  179  9:25  Roach x4  
  179  9:26  Roach  
  179  9:29  Roach  
  169  9:34  Roach x2  
  169  9:37  Roach x2  
  158  9:41  Roach x2  
  158  9:43  Hydralisk x2  
  166  9:48  Extractor  
  166  9:49  Spore Crawler  
  166  9:50  Drone x2  
  166  9:53  Zerg Missile Weapons Level 3  
  166  9:55  Seismic Spines  
  166  10:00  Queen  
  166  10:03  Roach, Ravager  
  171  10:13  Hydralisk x2  
  175  10:17  Lurker  
  175  10:18  Lurker  
  175  10:19  Roach  
  175  10:20  Roach x4  
  184  10:27  Roach x2  
  184  10:28  Roach x3  
  191  10:32  Roach x2  
  189  10:37  Roach  
  189  10:38  Roach x2  
  180  10:43  Roach  
  180  10:44  Roach x2  
  184  10:53  Grooved Spines  
  184  10:56  Hydralisk  
  184  10:57  Hydralisk x3  
  173  11:00  Roach  
  172  11:10  Roach x5  
  165  11:20  Drone x4  
  168  11:26  Adaptive Talons  
  168  11:30  Drone  
  167  11:33  Lurker x3  
  167  11:39  Drone x3  
  173  11:43  Lurker  
  173  11:44  Lurker  
  175  11:49  Drone x2  
  177  11:56  Roach  
  177  11:57  Roach x3  
  181  12:03  Hydralisk x2  
  183  12:09  Roach x2  
  183  12:12  Ravager  
  188  12:16  Roach x2  
  188  12:20  Muscular Augments  
  194  12:23  Roach  
  190  12:33  Roach x4  
  192  12:43  Roach x2  
  160  13:00  Hydralisk x7  
  160  13:05  Roach x2  
  144  13:08  Roach  
  144  13:12  Roach x2  
  116  13:13  Roach  
  116  13:16  Roach  
  116  13:19  Roach  
  117  13:21  Roach  
  120  13:27  Roach x2  
  120  13:30  Roach x2  
  120  13:33  Roach  
  114  13:36  Roach  
  108  13:45  Lurker x5  
  108  13:47  Lurker  
  114  13:48  Lurker  
  114  13:50  Hydralisk  
  114  13:54  Hydralisk  
  119  13:55  Ravager  
  119  13:56  Ravager  
  119  13:57  Ravager  
  119  13:58  Ravager  
  119  14:02  Hydralisk  
  125  14:04  Roach  
  125  14:08  Roach x2  
  131  14:15  Hydralisk x2  
  135  14:18  Roach  
  137  14:26  Roach x2  
  137  14:29  Roach x2  
  131  14:33  Roach x2  
  120  14:40  Roach x3  
  120  14:44  Roach x2  
Tags
 
Add a new tag
Caveats
  • Supply blocks, unpowered buildings, or Contaminate may cause inaccurate times.
  • Supply counts are checked every 10 seconds.